 Dungeon Crawl Stone Soup version 0.28-a0-773-g130ae17fe5 (webtiles) character file.

Game seed: 12494753576667899116

15332 iamoutofideas the Thaumaturge (level 12, -11/81 HPs)
             Began as a Gnoll Warper on Nov 2, 2021.
             Was an Elder of Ashenzari.
             Killed by divine providence
             ... invoked by a smoke demon
              (12 damage)
             ... on level 1 of the Abyss.
             The game lasted 00:27:59 (11239 turns).

iamoutofideas the Thaumaturge (Gnoll Warper)       Turns: 11239, Time: 00:28:00

Health: -11/81     AC: 18    Str: 19    XL:     12   Next: 25%
Magic:  28/28      EV: 15    Int: 15    God:    Ashenzari [****..]
Gold:   76         SH:  0    Dex: 10    Spells: 12/36 levels left

rFire   . . .      SeeInvis +   e - +6 broad axe (elec)
rCold   . . .      Faith    .   (no shield)
rNeg    . . .      Spirit   .   i - +0 acid dragon scales
rPois   +          Reflect  .   O - +2 helmet "Perceptive Omen" {Int+3, Evo, Cun} (curse)
rElec   .          Harm     .   x - +0 cloak of the Fated Trepidation {Self, Melee} (curse)
rCorr   +          Rampage  .   f - +2 pair of gloves of the Wild Blue Yonder {Str+3, Range, Melee} (curse)
Will    .....      Clarity  +   P - +0 pair of boots "Gloom of Ashenzari" {Elem, Bglg} (curse)
Stlth   ++++......              v - amulet "Cursed Vexation" {Regen+, Self, Cun} (curse)
HPRegen 0.00/turn               h - ring "Restrained Together" {rPois, Elem, Fort} (curse)
MPRegen 0.21/turn               C - +4 ring of slaying

@: sick
A: fangs 1, strong nose, distributed training, [clumsy 1], [frail 2]
a: Renounce Religion, Shatter the Chains


You were on level 1 of the Abyss.
You worshipped Ashenzari.
Ashenzari was greatly pleased with you.
You visited 2 branches of the dungeon, and saw 11 of its levels.
You visited the Abyss 1 time.
You also visited: Sewer.

You collected 718 gold pieces.
You spent 642 gold pieces at shops.

Inventory:

Hand Weapons
 a - a +0 hand axe
 b - a +2 mace of protection
 e - a +6 broad axe of electrocution (weapon)
 A - a +3 whip of electrocution
 R - a +1 vampiric broad axe
Missiles
 u - 6 poisoned darts
 D - 10 javelins (quivered)
 K - 2 atropa-tipped darts
Armour
 f - the cursed +2 pair of gloves of the Wild Blue Yonder (worn) {Str+3, Range, Melee}
   (You bought it in a shop on level 8 of the Dungeon)

   It has a curse which improves the following skills: Ranged Combat: Slings,
   Bows, Crossbows and Throwing.
   Melee Combat: Short Blades, Long Blades, Axes, Maces & Flails, Polearms,
   Staves and Unarmed Combat.
 i - +0 acid dragon scales (worn)
 t - a +2 kite shield
 x - the cursed +0 cloak of the Fated Trepidation (worn) {Self, Melee}
   (You found it on level 3 of the Dungeon)

   It has a curse which improves the following skills: Introspection: Fighting
   and Spellcasting.
   Melee Combat: Short Blades, Long Blades, Axes, Maces & Flails, Polearms,
   Staves and Unarmed Combat.
 O - the cursed +2 helmet "Perceptive Omen" (worn) {Int+3, Evo, Cun}
   (You bought it in a shop on level 8 of the Dungeon)

   It has a curse which improves the following skills: Evocations: Evocations.
   Cunning:   Dodging and Stealth.
 P - the cursed +0 pair of boots "Gloom of Ashenzari" (worn) {Elem, Bglg}
   (You bought it in a shop on level 8 of the Dungeon)

   It has a curse which improves the following skills: Elements: Fire Magic, Ice
   Magic, Air Magic and Earth Magic.
   Beguiling: Conjurations, Hexes and Translocations.
 S - a scarf of shadows
Jewellery
 d - an amulet of the acrobat
 h - the cursed ring "Restrained Together" (left hand) {rPois, Elem, Fort}
   (You found it on level 1 of the Dungeon)

   [ring of poison resistance]

   rPois:     It protects you from poison.
   It has a curse which improves the following skills: Elements: Fire Magic, Ice
   Magic, Air Magic and Earth Magic.
   Fortitude: Armour and Shields.
 j - a ring of positive energy
 q - a ring of willpower
 s - a ring of fire
 v - the cursed amulet "Cursed Vexation" (around neck) {Regen+, Self, Cun}
   (You found it on level 3 of the Dungeon)

   [amulet of regeneration]

   Regen:     It increases your rate of health regeneration.
   It has a curse which improves the following skills: Introspection: Fighting
   and Spellcasting.
   Cunning:   Dodging and Stealth.
 w - an amulet of guardian spirit
 B - a +6 ring of dexterity
 C - a +4 ring of slaying (right hand)
Wands
 E - a wand of flame (37)
Scrolls
 l - 5 scrolls of immolation
 y - 3 scrolls of amnesia
 z - 3 scrolls of magic mapping
 H - a scroll of holy word
 I - 2 scrolls of fog
 L - a scroll of brand weapon
 N - a scroll of enchant weapon
 Q - a scroll of enchant armour
Potions
 k - 9 potions of flight
 m - 2 potions of might
 o - a potion of mutation
 p - a potion of resistance
 r - 2 potions of brilliance
 F - a potion of attraction
 G - a potion of curing


   Skills:
 + Level 8.7(12.3) Fighting
 + Level 7.3(10.9) Short Blades
 + Level 7.3(10.9) Long Blades
 + Level 8.7(12.3) Axes
 + Level 7.3(10.9) Maces & Flails
 + Level 7.3(10.9) Polearms
 + Level 7.3(10.9) Staves
 + Level 7.3(9.6) Slings
 + Level 7.3(9.6) Bows
 + Level 7.3(9.6) Crossbows
 + Level 7.8(10.2) Throwing
 + Level 7.8(10.2) Armour
 + Level 8.7(12.3) Dodging
 + Level 7.3(10.9) Stealth
 + Level 7.3(9.6) Shields
 + Level 7.3(10.9) Unarmed Combat
 + Level 8.9(12.5) Spellcasting
 + Level 6.0(8.3) Conjurations
 + Level 6.0(8.3) Hexes
 + Level 6.0 Summonings
 + Level 6.0 Necromancy
 + Level 8.2(10.6) Translocations
 + Level 6.0 Transmutations
 + Level 6.0(9.6) Fire Magic
 + Level 6.0(9.6) Ice Magic
 + Level 6.0(9.6) Air Magic
 + Level 6.0(9.6) Earth Magic
 + Level 6.0 Poison Magic
 + Level 8.0 Invocations
 + Level 7.3(9.6) Evocations


You had 12 spell levels left.
You knew the following spells:

 Your Spells              Type           Power      Damage    Failure   Level
a - Blink                 Tloc           82%        N/A       1%          2
b - Gell's Gravitas       Tloc           41%        N/A       1%          3
c - Teleport Other        Tloc           41%        N/A       1%          3
d - Pain                  Necr           100%       1d9       1%          1
e - Swiftness             Air            38%        N/A       1%          3
f - Hailstorm             Conj/Ice       36%        3d9       2%          4
g - Manifold Assault      Tloc           41%        N/A       3%          5
h - Ozocubu's Armour      Ice            38%        N/A       1%          3

Your spell library contained the following spells:

 Spells                   Type           Power      Damage    Failure   Level
 Apportation              Tloc           82%        N/A       1%          1
 Beastly Appendage        Tmut           54%        N/A       1%          1
 Summon Small Mammal      Summ           100%       N/A       1%          1
 Passwall                 Tmut/Erth      26%        N/A       1%          2
 Wereblood                Tmut           27%        N/A       1%          2
 Dazzling Flash           Conj/Hex       68%        N/A       1%          3
 Lesser Beckoning         Tloc           41%        N/A       1%          3
 Portal Projectile        Hex/Tloc       74%        N/A       1%          3
 Summon Guardian Golem    Hex/Summ       31%        N/A       1%          3
 Iskenderun's Mystic Bla  Conj/Tloc      37%        2d9       1%          4
 Passage of Golubria      Tloc           41%        N/A       1%          4
 Call Canine Familiar     Summ           27%        N/A       2%          3
 Spider Form              Tmut/Pois      27%        N/A       2%          3
 Leda's Liquefaction      Hex/Erth       18%        N/A       2%          4
 Ice Form                 Ice/Tmut       32%        N/A       3%          4
 Silence                  Hex/Air        18%        N/A       6%          5
 Agony                    Necr           27%        N/A       22%         5
 Alistair's Intoxication  Tmut/Pois      18%        N/A       22%         5
 Excruciating Wounds      Necr           13%        N/A       22%         5
 Starburst                Conj/Fire      18%        6d7       34%         6
 Invisibility             Hex            17%        N/A       41%         6
 Simulacrum               Ice/Necr       16%        N/A       50%         6
 Ozocubu's Refrigeration  Ice            19%        4d8       83%         7
 Lehudib's Crystal Spear  Conj/Erth      18%        10d5      100%        8


Dungeon Overview and Level Annotations

Branches:
Dungeon (10/15)            Temple (1/1) D:4             Orc (0/2) D:9
  Sewer (visited)
   Lair: D:8-11

Altars:
Ashenzari
Cheibriados
Dithmenos
Elyvilon
Fedhas
Gozag
Hepliaklqana
Kikubaaqudgha
Makhleb
Nemelex Xobeh
Qazlal
Ru
Sif Muna
Trog
Uskayaw
Vehumet
Wu Jian
Xom
Yredelemnul
Zin
The Shining One

Shops:
D:5 *   D:8 [

Annotations:
D:9 2 runed translucent doors, pigah's ghost, novice OpWn
D:10 Sonja


Innate Abilities, Weirdness & Mutations

You have very sharp teeth.
Your uncanny sense of smell can sniff out nearby items.
Your experience applies equally to all skills.
[You are clumsy. (Dex -2)]
[You are very frail. (-20% HP)]


Message History

The ancient zyme hits you but does no damage.
The ancient zyme barely misses you. The large abomination hits you.
Unknown command.
You feel stable enough to blink again.
A small abomination comes into view.
You feel ill.
You feel ill.
The small abomination closely misses you.
The bone dragon bites you but does no damage.
The bone dragon claws you!
* * * LOW HITPOINT WARNING * * *
The bone dragon tramples you.
* * * LOW HITPOINT WARNING * * *
You hold your ground!
The small abomination closely misses you.
The iron imp shouts, "Crawl home, thou mammering limp-willed pustule!"
You hear a roar!
A small abomination comes into view.
Found a scroll of blinking.
The small abomination hits you but does no damage.
You feel ill.
The small abomination closely misses you.
The small abomination closely misses you.
The small abomination hits you!
* * * LOW HITPOINT WARNING * * *
The iron imp hits you but does no damage.
The small abomination hits you.
* * * LOW HITPOINT WARNING * * *
You feel better.
The iron imp hits you but does no damage.
The small abomination hits you.
* * * LOW HITPOINT WARNING * * *
A smoke demon comes into view.
You see here a scroll of blinking.
The small abomination hits you.
* * * LOW HITPOINT WARNING * * *
The iron imp puffs mist at you. The smoke demon gestures at you.
Something smites you!
You die...

, ,,** * ,
#.**## , *,
*#.#, , ,,**, ,
,#.#### ,, *, *
,*#....# ,, ,,
#....# * ## ,
,#....# *
...#.##.##. .#
,#.#######5...#
*,
,#..@..DxXxx..#
*
##########3..#
, ,
.......3.... *
** * #######*#
, , * , ... *,
*** * *** *,, *
, , , ,, , * **
*** **** * ,,
*,,,


You could see a bone dragon, an ancient zyme, a large abomination, a smoke
demon, 2 small abominations and an iron imp.

Vanquished Creatures
  Erolcha (D:9)
  A centaur warrior (D:9)
  2 two-headed ogres (D:9)
  A wretched star (Abyss:1)
  3 starcursed masses (Abyss:1)
  A shadow demon (Abyss:1)
  A will-o-the-wisp (Abyss:1)
  An orange demon (Abyss:1)
  Maggie (D:7)
  An unseen horror (D:10)
  An ancient zyme (Abyss:1)
  A shadow (D:6)
  A wraith (Abyss:1)
  A ynoxinul (Abyss:1)
  5 yaks (D:8)
  Menkaure (D:7)
  A large abomination (Abyss:1)
  A harpy simulacrum (Abyss:1)
  A warg (D:9)
  2 acid dragons
  An ice beast (D:7)
  A hornet zombie (D:8)
  3 orc warriors
  2 black bears
  An ogre (D:5)
  3 centaurs
  A kobold brigand (D:8)
  4 small abominations (Abyss:1)
  2 bullfrogs
  A scorpion (D:6)
  2 water moccasin skeletons
  8 killer bees (D:7)
  4 wights
  2 vampire bats (D:3)
  5 howler monkeys
  2 bullfrog zombies
  A centaur zombie (D:9)
  2 hounds
  A quasit (Abyss:1)
  2 jellies
  3 orc priests
  An iguana (D:5)
  4 orc wizards
  A scorpion zombie (D:3)
  A hound skeleton (D:4)
  Robin (D:4)
  A howler monkey zombie (D:6)
  6 adders
  4 gnolls
  2 howler monkey skeletons
  A shadow imp (D:6)
  2 ufetubi
  8 worms
  13 orcs
  8 ball pythons
  23 bats
  10 endoplasms
  A giant cockroach (Sewer)
  15 goblins
  12 hobgoblins
  8 jackals
  7 quokkas
  6 frilled lizards
  11 kobolds
  2 rats (D:1)
227 creatures vanquished.

Vanquished Creatures (collateral kills)
  A wretched star (Abyss:1)
  A kobold demonologist (Abyss:1)
  A kobold brigand (Abyss:1)
  A kobold (Abyss:1)
4 creatures vanquished.

Vanquished Creatures (others)
  A small abomination (Abyss:1)
  2 foxfires (Abyss:1)
  10 plants (D:3)
  4 starspawn tentacles (Abyss:1)
17 creatures vanquished.

Grand Total: 248 creatures vanquished

Notes
Turn   | Place    | Note
-------+----------+-------------------------------------------
     0 | D:1      | iamoutofideas the Gnoll Warper began the quest for the Orb.
     0 | D:1      | Reached XP level 1. HP: 20/20 MP: 6/6
   318 | D:1      | Reached XP level 2. HP: 24/26 MP: 7/7
   855 | D:1      | Reached XP level 3. HP: 27/31 MP: 9/9
   987 | D:1      | Reached skill level 5 in Spellcasting
  1320 | D:1      | Learned a level 2 spell: Blink
  1324 | D:1      | Learned a level 3 spell: Gell's Gravitas
  1328 | D:1      | Learned a level 3 spell: Teleport Other
  1330 | D:1      | Learned a level 1 spell: Pain
  1358 | D:2      | Reached skill level 1 in Invocations
  1581 | D:2      | Found a faded altar of an unknown god.
  1730 | D:2      | Reached skill level 1 in Short Blades
  1730 | D:2      | Reached skill level 1 in Long Blades
  1730 | D:2      | Reached skill level 1 in Maces & Flails
  1730 | D:2      | Reached skill level 1 in Polearms
  1730 | D:2      | Reached skill level 1 in Staves
  1730 | D:2      | Reached skill level 1 in Slings
  1730 | D:2      | Reached skill level 1 in Bows
  1730 | D:2      | Reached skill level 1 in Crossbows
  1730 | D:2      | Reached skill level 1 in Stealth
  1730 | D:2      | Reached skill level 1 in Shields
  1730 | D:2      | Reached skill level 1 in Unarmed Combat
  1730 | D:2      | Reached skill level 1 in Evocations
  1734 | D:2      | Learned a level 3 spell: Swiftness
  1760 | D:2      | Reached XP level 4. HP: 33/38 MP: 11/11
  2598 | D:3      | Reached skill level 1 in Conjurations
  2598 | D:3      | Reached skill level 1 in Hexes
  2598 | D:3      | Reached skill level 1 in Summonings
  2598 | D:3      | Reached skill level 1 in Necromancy
  2598 | D:3      | Reached skill level 1 in Transmutations
  2598 | D:3      | Reached skill level 1 in Fire Magic
  2598 | D:3      | Reached skill level 1 in Ice Magic
  2598 | D:3      | Reached skill level 1 in Air Magic
  2598 | D:3      | Reached skill level 1 in Earth Magic
  2598 | D:3      | Reached skill level 1 in Poison Magic
  3110 | D:3      | Reached XP level 5. HP: 28/43 MP: 12/12
  3336 | D:3      | Found a white marble altar of Elyvilon.
  3435 | D:4      | Found a broken altar of Ashenzari.
  3453 | D:4      | Reached XP level 6. HP: 50/50 MP: 13/13
  3454 | D:4      | Became a worshipper of Ashenzari the Shackled
  3724 | D:4      | Noticed Robin
  3939 | D:4      | Found an ornate altar of the Wu Jian Council.
  4070 | D:4      | Killed Robin
  4071 | D:4      | Reached skill level 5 in Fighting
  4071 | D:4      | Reached skill level 5 in Axes
  4071 | D:4      | Reached skill level 5 in Dodging
  4425 | D:5      | Entered Level 5 of the Dungeon
  4425 | D:5      | Found a glowing golden altar of the Shining One.
  4714 | D:5      | Found Zelamuq's General Store.
  4722 | D:5      | Bought a potion of heal wounds for 55 gold pieces
  4722 | D:5      | Bought 2 potions of curing for 66 gold pieces
  4759 | D:4      | Found a staircase to the Ecumenical Temple.
  4768 | Temple   | Entered the Ecumenical Temple
  4983 | D:5      | Reached * piety under Ashenzari
  5061 | D:5      | Reached XP level 7. HP: 40/58 MP: 16/16
  5538 | D:5      | Found a hide-covered altar of Uskayaw.
  5963 | D:6      | Found a glowing drain.
  6002 | Sewer    | Entered a sewer
  6027 | Sewer    | Reached ** piety under Ashenzari
  6922 | D:6      | Reached XP level 8. HP: 64/68 MP: 20/20
  7325 | D:6      | Noticed a shadow
  7454 | D:7      | Found a blossoming altar of Fedhas.
  7537 | D:7      | Found an opulent altar of Gozag.
  7564 | D:7      | Noticed Maggie
  7596 | D:7      | Killed Maggie
  7636 | D:7      | Identified the cursed +0 cloak of the Fated Trepidation
                  | {Self, Melee} (You found it on level 3 of the Dungeon)
  7843 | D:7      | Reached XP level 9. HP: 55/75 MP: 21/21
  8032 | D:7      | Noticed Menkaure
  8278 | D:7      | Killed Menkaure
  8338 | D:8      | Found Madenyn's Armour Shop.
  8359 | D:7      | Learned a level 4 spell: Hailstorm
  8365 | D:7      | Learned a level 5 spell: Manifold Assault
  8369 | D:7      | Learned a level 3 spell: Ozocubu's Armour
  8444 | D:8      | Bought a +2 pair of gloves of strength for 236 gold pieces
  8467 | D:8      | Reached skill level 5 in Throwing
  8467 | D:8      | Reached skill level 5 in Armour
  8484 | D:8      | Found a sparkling altar of Nemelex Xobeh.
  8631 | D:8      | Reached skill level 5 in Invocations
  8852 | D:8      | Found a burning altar of Makhleb.
  9150 | D:6      | Reached XP level 10. HP: 83/83 MP: 23/23
  9274 | D:9      | Reached skill level 5 in Short Blades
  9274 | D:9      | Reached skill level 5 in Long Blades
  9274 | D:9      | Reached skill level 5 in Maces & Flails
  9274 | D:9      | Reached skill level 5 in Polearms
  9274 | D:9      | Reached skill level 5 in Staves
  9274 | D:9      | Reached skill level 5 in Slings
  9274 | D:9      | Reached skill level 5 in Bows
  9274 | D:9      | Reached skill level 5 in Crossbows
  9274 | D:9      | Reached skill level 5 in Stealth
  9274 | D:9      | Reached skill level 5 in Shields
  9274 | D:9      | Reached skill level 5 in Unarmed Combat
  9274 | D:9      | Reached skill level 5 in Evocations
  9293 | D:9      | Noticed Erolcha
  9294 | D:9      | Found a large runed translucent door.
  9294 | D:9      | Found a large runed translucent door.
  9295 | D:9      | Noticed pigah's ghost (novice OpWn)
  9297 | D:9      | Identified the +8 long sword "Ditol" {freeze, rC+ Will+
                  | Stlth+}
  9299 | D:9      | Reached skill level 5 in Conjurations
  9299 | D:9      | Reached skill level 5 in Hexes
  9299 | D:9      | Reached skill level 5 in Summonings
  9299 | D:9      | Reached skill level 5 in Necromancy
  9299 | D:9      | Reached skill level 5 in Transmutations
  9299 | D:9      | Reached skill level 5 in Fire Magic
  9299 | D:9      | Reached skill level 5 in Ice Magic
  9299 | D:9      | Reached skill level 5 in Air Magic
  9299 | D:9      | Reached skill level 5 in Earth Magic
  9299 | D:9      | Reached skill level 5 in Poison Magic
  9299 | D:9      | Reached XP level 11. HP: 91/91 MP: 23/25
  9318 | D:9      | Killed Erolcha
  9336 | D:9      | Noticed a two-headed ogre
  9343 | D:9      | Killed a two-headed ogre
  9370 | D:9      | Noticed a centaur warrior
  9548 | D:9      | Killed a centaur warrior
  9571 | D:9      | Noticed a two-headed ogre
  9578 | D:9      | Killed a two-headed ogre
  9671 | D:9      | Found a staircase to the Orcish Mines.
  9867 | D:10     | Entered Level 10 of the Dungeon
 10113 | D:8      | Bought a +2 helmet of intelligence for 236 gold pieces
 10113 | D:8      | Bought a +0 pair of boots for 49 gold pieces
 10123 | D:8      | Reached *** piety under Ashenzari
 10230 | D:10     | Noticed Sonja
 10235 | D:10     | Cast into level 1 of the Abyss (Sonja)
 10349 | Abyss:1  | Noticed a hell knight
 10355 | Abyss:1  | Noticed a hell knight
 10402 | Abyss:1  | Reached **** piety under Ashenzari
 10442 | Abyss:1  | Noticed a starcursed mass
 10461 | Abyss:1  | Killed a starcursed mass
 10462 | Abyss:1  | Killed a starcursed mass
 10465 | Abyss:1  | Killed a starcursed mass
 10474 | Abyss:1  | Noticed a shadow demon
 10493 | Abyss:1  | Killed a shadow demon
 10499 | Abyss:1  | Noticed an ophan
 10504 | Abyss:1  | Noticed a glowing orange brain
 10641 | Abyss:1  | Noticed a wretched star
 10774 | Abyss:1  | Killed a wretched star
 10775 | Abyss:1  | Reached XP level 12. HP: 70/81 MP: 28/28
 10831 | Abyss:1  | Noticed a wretched star
 10847 | Abyss:1  | Killed a wretched star
 10862 | Abyss:1  | Noticed a tentacled starspawn
 10947 | Abyss:1  | Noticed a starcursed mass
 10955 | Abyss:1  | Noticed a tentacled starspawn
 11211 | Abyss:1  | Noticed a bone dragon
 11231 | Abyss:1  | HP: 1/81 [small abomination (4)]
 11237 | Abyss:1  | HP: 1/81 [small abomination (2)]
 11239 | Abyss:1  | Killed from afar by a smoke demon

Illustrated notes

Levels and vault maps discovered:
D:1:      lightli_arrival_quake, layout_loops_ring
D:2:      layout_basic, shapermc_ecumenical_altar_venn
D:3:      layout_basic, nicolae_elyvilon_temple_path, minmay_misc_feat_x,
          kennysheep_pointless_box, roderic_batcave, grunt_ministairs_5,
          serial_bayou_lagoon_b
D:4:      layout_gridville, mainiacjoe_overflow_surrounded_room,
          evilmike_ruin_ashenzari, minmay_temple_entry_from_below_b, uniq_robin
D:5:      layout_loops_cross, mainiacjoe_overflow_small_starburst,
          nicolae_uskayaw_dance_hall, serial_shops, shop
D:6:      layout_basic, cheibrodos_sewer_entry_bend, corexii_leaking_fountain,
          minmay_small_thing
D:7:      layout_basic, overflow_temple_1_default, mainiacjoe_overflow_24_doors,
          kennysheep_small_spiral, uniq_maggie, uniq_menkaure
D:8:      layout_gridville, mainiacjoe_overflow_concentric_impassable,
          mainiacjoe_overflow_alcove_2, serial_shops, nicolae_stop_n_shop_1
D:9:      layout_big_octagon, minmay_orc_entry_guard_dogs,
          ebering_ghost_disaster_area, st_stairs_8, uniq_erolcha
D:10:     layout_gridville, marbit_many_paths, serial_shops,
          nicolae_shop_behind_doors, uniq_sonja, uniq_maurice, uniq_grum
Temple:   nicolae_temple_x_marks_the_god
Abyss:1:  base: D:7, evilmike_abyss_exit_vortex, hangedman_abyss_batty_box

Skill      XL: |  1  2  3  4  5  6  7  8  9 10 11 12 |
---------------+-------------------------------------+-----
Spellcasting   | 5 6 7 8 |  8.9
Invocations    | 1 2 3 4 5 6 7 8 |  8.0
Short Blades   | 1 2 3 4 6 7 |  7.3
Long Blades    | 1 2 3 4 6 7 |  7.3
Maces & Flails | 1 2 3 4 6 7 |  7.3
Polearms       | 1 2 3 4 6 7 |  7.3
Staves         | 1 2 3 4 6 7 |  7.3
Slings         | 1 2 3 4 6 7 |  7.3
Bows           | 1 2 3 4 6 7 |  7.3
Crossbows      | 1 2 3 4 6 7 |  7.3
Stealth        | 1 2 3 4 6 7 |  7.3
Shields        | 1 2 3 4 6 7 |  7.3
Unarmed Combat | 1 2 3 4 6 7 |  7.3
Evocations     | 1 2 3 4 6 7 |  7.3
Conjurations   | 1 2 3 5 6 |  6.0
Hexes          | 1 2 3 5 6 |  6.0
Summonings     | 1 2 3 5 6 |  6.0
Necromancy     | 1 2 3 5 6 |  6.0
Transmutations | 1 2 3 5 6 |  6.0
Fire Magic     | 1 2 3 5 6 |  6.0
Ice Magic      | 1 2 3 5 6 |  6.0
Air Magic      | 1 2 3 5 6 |  6.0
Earth Magic    | 1 2 3 5 6 |  6.0
Poison Magic   | 1 2 3 5 6 |  6.0
Throwing       | 3 4 5 6 7 |  7.8
Armour         | 3 4 5 6 7 |  7.8
Fighting       | 5 6 7 8 |  8.7
Axes           | 5 6 7 8 |  8.7
Dodging        | 5 6 7 8 |  8.7
Translocations | 6 7 8 |  8.2

Action                   |  1- 3 |  4- 6 |  7- 9 | 10-12 || total
-------------------------+-------+-------+-------+-------++-------
Melee: Hand axe          |   132 |   294 |   338 |       ||   764
       Bite              |     6 |    25 |    31 |    18 ||    80
       Punch             |       |     2 |     7 |     5 ||    14
       Unarmed           |       |       |    60 |       ||    60
       Broad axe         |       |       |    44 |   155 ||   199
Throw: Boomerang         |       |    15 |     2 |       ||    17
       Javelin           |       |       |     3 |     5 ||     8
 Cast: Teleport Other    |       |     5 |     1 |       ||     6
       Blink             |       |     2 |       |     2 ||     4
Invok: Curse Item        |       |     2 |     3 |     2 ||     7
       Shatter the Chain |       |       |     1 |       ||     1
Evoke: Wand              |       |       |     3 |       ||     3
  Use: Potion            |       |     3 |     6 |     4 ||    13
       Scroll            |       |       |     3 |     8 ||    11
 Stab: Sleeping          |     1 |     3 |     5 |       ||     9
       Distracted        |       |       |     1 |     2 ||     3
Armor: Leather armour    |    33 |    81 |   118 |       ||   232
       Ring mail         |       |       |    24 |       ||    24
       Acid dragon scale |       |       |    31 |    67 ||    98
       Skin              |       |       |     5 |       ||     5
Dodge: Dodged            |    98 |   247 |   403 |   113 ||   861

Table legend: (Time is in decaauts)
 A = Elapsed time spent in this place.
 B = Non-inter-level travel time spent in this place.
 C = Inter-level travel time spent in this place.
 D = Time resting spent in this place.
 E = Time spent auto-exploring this place.
 F = Levels seen in this place.
 G = Mean time per level.
                   A        B        C        D        E       F      G
               +--------+--------+--------+--------+--------+-----+--------+
         Total |  11484 |  10687 |    797 |   1563 |   5939 |  13 |  883.4 |
       Dungeon |   9498 |   8709 |    789 |   1072 |   5438 |  10 |  949.8 |
        Temple |     58 |     50 |      8 |      0 |     46 |   1 |   58.0 |
         Abyss |   1003 |   1003 |      0 |    468 |      0 |   1 | 1003.0 |
         Sewer |    923 |    923 |      0 |     23 |    454 |   1 |  923.0 |
               +--------+--------+--------+--------+--------+-----+--------+

Top non-repeatable levels by time:
     D:1: 1336 daAuts
     D:4: 1317 daAuts
     D:5: 1155 daAuts
     D:3: 1122 daAuts
     D:7: 1027 daAuts
 Abyss:1: 1003 daAuts
     D:2: 988 daAuts
   Sewer: 923 daAuts
     D:8: 886 daAuts
     D:6: 852 daAuts
     D:9: 560 daAuts
    D:10: 250 daAuts
  Temple: 58 daAuts
